 Dungeon Sprint DCSS version 0.21-a0-536-gdbbf329 (webtiles) character file.

9 Ghella the Sneak (level 2, -5/19 HPs)
             Began as a Spriggan Enchanter on Dec 15, 2017.
             Splashed by an oklob sapling's acid (14 damage)
             ... in the Dungeon (Sprint IV: "Fedhas' Mad Dash").
             The game lasted 00:00:23 (16 turns).

Ghella the Sneak (Spriggan Enchanter)                 Turns: 16, Time: 00:00:25

Health: -5/19      AC:  2    Str:  9    XL:     2   Next: 6%
Magic:  7/7        EV: 18    Int: 16    God:
Gold:   0          SH:  0    Dex: 16    Spells: 6/7 levels left

rFire    . . .     SeeInvis +   a - +1 dagger
rCold    . . .     Gourm    .   (shield restricted)
rNeg     . . .     Faith    .   b - +0 robe
rPois    .         Spirit   .   (helmet restricted)
rElec    .         Reflect  .   (no cloak)
rCorr    .         Harm     .   (gloves unavailable)
MR       .....     NoTele   +   (boots unavailable)
Stlth    ..........             (no amulet)
HPRegen  0.06/turn              (no ring)
MPRegen  0.10/turn              (no ring)

@: berserking, very quick
A: very small, unfitting armour, see invisible, herbivore 3, speed 3, slow
metabolism 2
a: no special abilities


You were in the Dungeon.
You were not hungry.

You visited 1 branch

Inventory:

Hand Weapons
 a - a +1 dagger (weapon)
Armour
 b - a +0 robe (worn)
Scrolls
 j - a scroll of blinking
Potions
 e - a potion of curing
 f - a potion of heal wounds
 g - a potion of haste
 h - 2 potions of magic
Books
 c - a book of Maledictions

   Spells                             Type                      Level
   a - Corona                         Hexes                        1
   b - Ensorcelled Hibernation        Hexes/Ice                    2
   c - Confuse                        Hexes                        3
   d - Tukima's Dance                 Hexes                        3
   e - Dazzling Spray                 Conjuration/Hexes            3
Comestibles
 d - a bread ration


   Skills:
 + Level 1.1 Short Blades
 + Level 3.3 Dodging
 * Level 6.4 Stealth
 + Level 3.2 Spellcasting
 + Level 4.5 Hexes


You had 6 spell levels left.
You knew the following spells:

 Your Spells              Type           Power        Failure   Level  Hunger
a - Corona                Hex            ###....      2%          1    None


Dungeon Overview and Level Annotations

Branches:
Dungeon (1/1)

Altars:

Annotations:
D exclusion: oklob sapling


Innate Abilities, Weirdness & Mutations

You are very small and have problems with some larger weapons.
You are too small for most types of armour.
You have supernaturally acute eyesight. (SInv)
You are a herbivore.
You cover ground extremely quickly.
You need consume almost no food.


Message History

Your Hexes skill increases to level 4!
You have reached level 2!
The helpless rat fails to defend itself.
You impale the rat!!
You kill the rat!
You see here a rat corpse.
You open the door.
Marking area around the oklob sapling as unsafe for travelling.
An oklob sapling comes into view.
Found 40 gold pieces.
There is an open door here.
You hit the oklob sapling but do no damage.
A red film seems to cover your vision as you go berserk!
You feel yourself moving faster!
You feel mighty! The oklob sapling spits acid at you.
The splash of acid hits you!
Ouch! That really hurt!
You are splashed with acid!
The acid burns!
Ouch! That really hurt!
You die...

##################
#<..P#....†#.$$$$#
#PP..'.)...@.#
#PPPP#.....#P#
##############


You could see an oklob sapling.

Vanquished Creatures
  A river rat (D)
  A rat (D)
2 creatures vanquished.

Notes
Turn   | Place    | Note
-------+----------+-------------------------------------------
     0 | D        | Ghella the Spriggan Enchanter began the quest for the Orb.
     0 | D        | Reached XP level 1. HP: 9/9 MP: 5/5
     8 | D        | Reached skill level 6 in Stealth
     8 | D        | Reached XP level 2. HP: 13/13 MP: 7/7
    13 | D        | Noticed an oklob sapling
    16 | D        | Splashed by an oklob sapling's acid

Vault maps used:
D:        dungeon_sprint_fedhas

Skill      XL: |  1 |
---------------+----+-----
Stealth        | 6 |  6.4
Spellcasting   | 3 |  3.2
Hexes          | 4 |  4.5
Short Blades   | |  1.1
Dodging        | |  3.3

Action                   || total
-------------------------++-------
Melee: Dagger            ||     3
  Use: Potion            ||     1
 Stab: Sleeping          ||     2

Table legend:
 A = Spawn XP
 B = Non-spawn XP
 C = Spawn XP percentage of total XP
 D = Spawn monster count
 E = Non-spawn monster count
 F = Spawn count percentage of total count
 G = Total turns spent on level
                    A         B        C        D         E        F      G
               +---------+---------+-------+---------+---------+-------+---------
         Total |       0 |      14 |   0.0 |       0 |       2 |   0.0 |    16
               +---------+---------+-------+---------+---------+-------+---------
             D |       0 |      14 |   0.0 |       0 |       2 |   0.0 |    16
               +---------+---------+-------+---------+---------+-------+---------
